 Dungeon Crawl Stone Soup version 0.20-a0-256-gabb291d (webtiles) character file.

65 Faca the Shield-Bearer (level 4, -4/35 HPs)
             Began as a Formicid Fighter on Dec 2, 2016.
             Slain by Terence
             ... wielding a +0 flail
              (6 damage)
             ... on level 2 of the Dungeon.
             The game lasted 00:03:23 (991 turns).

Faca the Shield-Bearer (Formicid Fighter)            Turns: 991, Time: 00:03:23

Health: -4/35      AC:  7    Str: 19 (21) XL:     4   Next: 35%
Magic:  4/4        EV:  9    Int:  5 (7)  God:
Gold:   36         SH: 10    Dex:  8 (11) Spells: 3/3 levels left

rFire  . . .     SeeInvis +     a - +0 war axe
rCold  . . .     Gourm    .     b - +0 scale mail
rNeg   . . .     Faith    .     c - +1 shield
rPois  .         Spirit   .     (helmet unavailable)
rElec  .         Reflect  .     (no cloak)
rCorr  .         Harm     .     (no gloves)
MR     .....                    (no boots)
Stlth  ..........               (no amulet)
                                (no ring)
                                k - +1 ring of evasion

@: lethally poisoned (-4 -> -5)
A: permanent stasis, dig shafts and tunnels, four strong arms, antennae 3
a: Dig, Shaft Self


You were on level 2 of the Dungeon.
You were hungry.

You visited 1 branch of the dungeon, and saw 2 of its levels.

You collected 36 gold pieces.

Inventory:

Hand Weapons
 a - a +0 war axe (weapon)
Armour
 b - a +0 scale mail (worn)
 c - a +1 shield (worn)
Jewellery
 k - a +1 ring of evasion (left hand)
Scrolls
 g - 2 scrolls of fog
 h - a scroll of remove curse
 l - a scroll of fear
Potions
 d - a potion of might
 e - a potion of lignification
 j - a potion of mutation {unknown}
Comestibles
 f - 2 bread rations
 m - 4 fruits


   Skills:
 + Level 3.5 Fighting
 + Level 2.8 Axes
 + Level 3.8 Armour
 + Level 0.5 Dodging
 + Level 4.4 Shields


You had 3 spell levels left.
You didn't know any spells.

Dungeon Overview and Level Annotations

Branches:
Dungeon (2/15)

Altars:
Gozag
Sif Muna
Yredelemnul
The Shining One

Annotations:
D:2 Terence


Innate Abilities, Weirdness & Mutations

You cannot be hasted, slowed, berserked, paralysed or teleported.
You can dig through walls and to a lower floor.
Your four strong arms can wield two-handed weapons with a shield.
You have a pair of large antennae on your head. (SInv)


Message History

Terence is moderately wounded.
* * * LOW HITPOINT WARNING * * *
You feel sick. You block Terence's attack.
You barely miss Terence.
Terence is moderately wounded.
You block Terence's attack.
You barely miss Terence.
Terence is moderately wounded.
You block Terence's attack.
You closely miss Terence.
Terence is moderately wounded.
* * * LOW HITPOINT WARNING * * *
You feel sick. Terence closely misses you.
You hit Terence but do no damage.
Terence is moderately wounded.
Terence hits you but does no damage. x2
You hit Terence.
Terence is moderately wounded.
Terence hits you with a flail.
You die... #..... #### ..... ###... #.<.. ###...# ##. $.. . ....###..... .rg

.# ........# #K# #.#
#†####### #@#...#
#.####### ###@!.#
#........#####....##
########...........#
#####...#.###
##...###.# ##...##
..# #...## .##
####..## #.#
###....## #.#


You could see Terence, a hobgoblin, a kobold and a rat.

Vanquished Creatures
  2 adders (D:2)
  An ooze (D:2)
  2 worms (D:2)
  A dart slug (D:1)
  2 leopard geckos
  5 bats
  5 goblins
  4 hobgoblins
  7 kobolds
  2 frilled lizards
  5 rats
36 creatures vanquished.

Notes
Turn   | Place    | Note
-------+----------+-------------------------------------------
     0 | D:1      | Faca the Formicid Fighter began the quest for the Orb.
     0 | D:1      | Reached XP level 1. HP: 18/18 MP: 1/1
   205 | D:1      | Reached XP level 2. HP: 24/24 MP: 2/2
   756 | D:1      | Reached XP level 3. HP: 29/29 MP: 3/3
   798 | D:2      | Reached skill level 4 in Shields
   825 | D:2      | Found a deep blue altar of Sif Muna.
   825 | D:2      | Found a basalt altar of Yredelemnul.
   826 | D:2      | Found an opulent altar of Gozag.
   826 | D:2      | Found a glowing golden altar of the Shining One.
   959 | D:2      | Reached XP level 4. HP: 26/35 MP: 4/4
   977 | D:2      | Noticed Terence
   991 | D:2      | Slain by Terence

Vault maps used:
D:1:      lightli_arrival_statuegarden
D:2:      chequers_temple_overflow_statue_of_worship, lemuel_statue_altar,
          uniq_terence

Skill      XL: |  1  2  3 |
---------------+----------+-----
Shields        | 4 |  4.4
Fighting       | |  3.5
Axes           | |  2.8
Armour         | |  3.8
Dodging        | |  0.5

Action                   |  1- 3 |  4- 6 || total
-------------------------+-------+-------++-------
Melee: War axe           |   111 |    17 ||   128
  Use: Scroll            |     8 |       ||     8
       Potion            |       |     1 ||     1
Armor: Scale mail        |    49 |     3 ||    52
Dodge: Dodged            |    39 |     4 ||    43
Block: Shield            |    69 |     8 ||    77
